 Dungeon Crawl Stone Soup version 0.18.1-48-g4cf74bf (webtiles) character file.

200 Krapule the Insei (level 5, -2/29 HPs)
             Began as a Vine Stalker Monk on Aug 1, 2016.
             Was a Believer of Cheibriados.
             Slain by a slave (7 damage)
             ... led by Pikel
             ... on level 4 of the Dungeon.
             The game lasted 00:12:48 (2851 turns).

Krapule the Insei (Vine Stalker Monk)               Turns: 2851, Time: 00:12:49

Health: -2/29      AC:  2    Str: 17    XL:     5   Next: 79%
Magic:  0/6        EV: 14    Int: 14    God:    Cheibriados [**....]
Gold:   144        SH:  0    Dex: 22    Spells: 0 memorised, 4 levels left

rFire  . . .     SeeInvis .       - Unarmed
rCold  . . .     Gourm    .     a - +0 robe
rNeg   . . .     Faith    .     (no shield)
rPois  .         Spirit   +     (no helmet)
rElec  .         Dismiss  .     (no cloak)
rCorr  .         Reflect  .     (no gloves)
SustAt .         Harm     .     (no boots)
MR     .....     Rnd*Tele +     s - amulet of magic regeneration
Stlth  ++++......               v - ring of teleportation (curse)
                                j - ring of stealth

@: very slow, not resistant to hostile enchantments, stealthy
A: fangs 2, regeneration 1, magic shield, antimagic bite, no device heal 3, rot
immunity
a: Bend Time, Renounce Religion


You were on level 4 of the Dungeon.
You worshipped Cheibriados.
Cheibriados was pleased with you.
You were not hungry.

You visited 2 branches of the dungeon, and saw 5 of its levels.

You collected 144 gold pieces.

Inventory:

Armour
 a - a +0 robe (worn)
 k - a +0 shield
Jewellery
 j - a ring of stealth (left hand)
 r - an uncursed ring of resist corrosion
 s - an amulet of magic regeneration (around neck)
 v - a cursed ring of teleportation (right hand)
Scrolls
 d - a scroll of enchant weapon {unknown}
 e - a scroll of remove curse {unknown}
 h - a scroll of amnesia
 i - a scroll of identify
 l - a scroll of magic mapping
 m - a scroll of enchant armour {unknown}
 t - a scroll of fear {unknown}
Potions
 c - 2 potions of cancellation
 f - a potion of mutation
 g - 2 potions of lignification
 n - a potion of might {unknown}
 o - a potion of flight
 q - a potion of invisibility {unknown}
Comestibles
 b - 4 bread rations
 p - 3 fruits
 u - a chunk of flesh


   Skills:
 + Level 3.7 Fighting
 + Level 3.0 Dodging
 + Level 4.2 Stealth
 + Level 1.1 Shields
 + Level 4.6 Unarmed Combat
 + Level 0.2 Invocations


You had 4 spell levels left.
You didn't know any spells.

Dungeon Overview and Level Annotations

Branches:
Dungeon (4/15)             Temple (1/1) D:4

Altars:
Ashenzari
Cheibriados
Fedhas
Makhleb
Pakellas
Ru
The Shining One

Annotations:
D:3 Pikel


Innate Abilities, Weirdness & Mutations

You have extremely sharp teeth.
Your natural rate of healing is unusually fast.
When hurt, damage is shared between your health and your magic reserves.
Your bite disrupts and absorbs the magic of your enemies.
Potions and wands cannot restore your health.
You are immune to rotting.


Message History

The adder barely misses you.
You punch the adder!
You kill the adder!
Cheibriados thoroughly appreciates the change of pace.
The slave barely misses you.
You closely miss the slave. Your bite misses the slave. The slave hits you!
You see here a ring mail.
You closely miss the slave. Your bite misses the slave. The slave hits you.
The slave hits you.
You barely miss the slave. The slave hits you! The slave hits you.
You see here 10 gold pieces.
The slave hits you. The slave hits you. The slave hits you. The slave hits you!
* * * LOW HITPOINT WARNING * * *
You don't have enough magic at the moment.
The slave hits you!
You die...

##....,,,,,,* *,,,,*
.#....,,,,,,* *,,,,*
......,,,,,,* ******
O..r.#.******
..S.....##########
♣#.....p.<.......#
#*##.............# #
####.....$....########
#.........@p......#
#..........######.#
***#################.#
*,,,,,...............#
*,,*,,.#...#..(#...#$#
*_,,,,...............#
*,,*,,.#...#...#...###
*,,,,,..........[...#
******###############


You could see a slave.

Vanquished Creatures
  2 worker ants (D:4)
  8 adders
  An ooze (D:3)
  A worm (D:2)
  2 dart slugs
  8 giant geckos
  3 giant cockroaches
  3 goblins (D:2)
  5 hobgoblins
  7 jackals (D:2)
  A quokka (D:4)
  7 bats
  4 giant newts
  7 kobolds
  3 rats (D:2)
62 creatures vanquished.

Notes
Turn   | Place    | Note
--------------------------------------------------------------
     0 | D:1      | Krapule the Vine Stalker Monk began the quest for the Orb.
     0 | D:1      | Reached XP level 1. HP: 11/11 MP: 2/2
   306 | D:1      | Reached XP level 2. HP: 14/16 MP: 1/3
  1168 | D:2      | Reached XP level 3. HP: 20/20 MP: 4/4
  1475 | D:2      | Reached XP level 4. HP: 22/24 MP: 5/5
  2262 | D:3      | Reached XP level 5. HP: 28/28 MP: 6/6
  2492 | D:4      | Noticed an ogre
  2526 | D:4      | Noticed Pikel
  2526 | D:4      | Noticed a slave
  2526 | D:4      | Noticed a slave
  2526 | D:4      | Noticed a slave
  2526 | D:4      | Noticed a slave
  2624 | D:4      | Noticed an ogre
  2665 | D:4      | Reached skill level 1 in Shields
  2679 | D:4      | Found a shattered altar of Ashenzari.
  2723 | D:4      | Found a staircase to the Ecumenical Temple.
  2740 | Temple   | Entered the Ecumenical Temple
  2757 | Temple   | Became a worshipper of Cheibriados the Contemplative
  2757 | Temple   | Reached * piety under Cheibriados
  2757 | Temple   | Reached ** piety under Cheibriados
  2782 | D:4      | Found an oddly glowing altar of Pakellas.
  2851 | D:4      | Slain by a slave

Skill      XL: |  1  2  3  4  5 |
---------------+----------------+-----
Fighting       | 3 |  3.7
Stealth        | 3 4 |  4.2
Dodging        | 3 |  3.0
Shields        | 1 |  1.1
Unarmed Combat | |  4.6
Invocations    | |  0.2

Action                   |  1- 3 |  4- 6 || total
-------------------------+-------+-------++-------
Melee: Unarmed           |    96 |   111 ||   207
       Bite              |    25 |    32 ||    57
       Punch             |     5 |     1 ||     6
  Use: Scroll            |       |     8 ||     8
 Stab: Sleeping          |     8 |    11 ||    19
       Distracted        |     1 |       ||     1
  Eat: Chunk             |     2 |     4 ||     6
Armor: Robe              |    12 |    18 ||    30
Dodge: Dodged            |    54 |    77 ||   131
